 Dungeon Crawl Stone Soup version 0.22-a0-580-gd5db89c (webtiles) character file.

672 GroovyGamera the Shield-Bearer (level 7, 0/61 HPs)
             Began as a Formicid Fighter on July 2, 2018.
             Succumbed to an orc wizard's poison
             ... on level 7 of the Dungeon.
             The game lasted 00:09:11 (3488 turns).

GroovyGamera the Shield-Bearer (Formicid Fighter)   Turns: 3488, Time: 00:09:11

Health: 0/61       AC: 13    Str: 25    XL:     7   Next: 90%
Magic:  7/7        EV:  5    Int:  6    God:
Gold:   253        SH: 11    Dex: 16    Spells: 6/6 levels left

rFire    . . .     SeeInvis +   a - +0 long sword
rCold    . . .     Gourm    .   c - +1 shield
rNeg     . . .     Faith    .   u - +0 plate armour
rPois    .         Spirit   .   (helmet unavailable)
rElec    .         Reflect  .   (no cloak)
rCorr    .         Harm     .   o - +0 pair of gloves
MR       .....                  (no boots)
Stlth    ..........             (no amulet)
HPRegen  0.20/turn              j - +4 ring of dexterity
MPRegen  0.10/turn              (no ring)

@: mighty, lethally poisoned (0 -> -8), drained
A: permanent stasis, dig shafts and tunnels, four strong arms, antennae 3,
hooves 1, deterioration 1, dopey 1, robust 1
a: Dig, Shaft Self


You were on level 7 of the Dungeon.
You were not hungry.

You visited 1 branch of the dungeon, and saw 6 of its levels.

You collected 253 gold pieces.

Inventory:

Hand Weapons
 a - a +0 long sword (weapon)
 q - the +0 war axe "Gathrac" {chop, rF+, unknown}
   (You found it on level 4 of the Dungeon)

   It inflicts extra damage upon your enemies.
   It protects you from fire.
Missiles
 i - 75 bolts
Armour
 c - a +1 shield (worn)
 o - a +0 pair of gloves (worn)
 u - a +0 plate armour (worn)
Jewellery
 j - a +4 ring of dexterity (left hand)
Scrolls
 e - 2 scrolls of identify {unknown}
 g - a scroll of enchant armour
 h - a scroll of fear {unknown}
 k - a scroll of blinking {unknown}
 s - a scroll of immolation {unknown}
 t - a scroll of amnesia {unknown}
Potions
 d - a potion of might
 l - a potion of mutation
 m - a potion of heal wounds {unknown}
 n - 3 potions of curing {unknown}
 p - 2 potions of ambrosia {unknown}
Comestibles
 f - 10 rations


   Skills:
 + Level 5.1(4.1) Fighting
 * Level 5.4(4.4) Long Blades
 + Level 5.0(4.1) Armour
 + Level 5.6(4.7) Shields


You had 6 spell levels left.
You didn't know any spells.
Your spell library was empty.

Dungeon Overview and Level Annotations

Branches:
Dungeon (5/15)
 Temple: D:4-7

Altars:
Ashenzari
Dithmenos
Nemelex Xobeh
Uskayaw


Innate Abilities, Weirdness & Mutations

You cannot be hasted, slowed, berserked, paralysed or teleported.
You can dig through walls and to a lower floor.
Your four strong arms can wield two-handed weapons with a shield.
You have a pair of large antennae on your head. (SInv)
You have large cloven feet.
Your body sometimes deteriorates upon taking damage.
You are dopey. (Int -2)
You are robust. (+10% HP)


Message History

You closely miss the wight.
The wight is severely damaged.
You feel sick.
The orc priest looks satisfied for a moment.
The wight hits you with a short sword.
You feel drained.
You closely miss the wight.
The wight is severely damaged.
You feel sick. The orc hits you but does no damage. x2
The wight hits you with a short sword. The wight hits you with a great sword!
* * * LOW HITPOINT WARNING * * *
It was a potion of mutation.
You feel extremely strange.
Your feet thicken and deform.
You feel stupid.
You feel yourself wasting away.
You feel robust.
The orc priest mumbles some strange prayers to Beogh against you.
Beogh smites you!
* * * LOW HITPOINT WARNING * * *
You block the orc's attack. The wight hits you but does no damage.
You slash the orc!
You kill the orc!
You die...

...o o.o#########
..........#
#........#
#........+
#.....o..#
#........# #
#......S.######..
#......oz@.......
#########z.......
#........
#?.......
#........
#........
#......##
########


You could see 2 wights, an orc priest, an orc wizard and an adder.

Vanquished Creatures
  A centaur (D:5)
  A bullfrog (D:2)
  3 wights (D:7)
  A bullfrog zombie (D:2)
  3 orc priests (D:5)
  A hound (D:5)
  A worker ant (D:5)
  A hound zombie (D:5)
  3 gnolls (D:3)
  5 adders
  3 shadow imps
  An ooze (D:1)
  3 worms
  4 leopard geckos
  11 orcs
  2 ball pythons
  10 bats
  7 giant cockroaches
  13 goblins
  13 hobgoblins
  3 jackals (D:2)
  A quokka (D:3)
  6 frilled lizards
  9 kobolds
  5 rats (D:1)
111 creatures vanquished.

Notes
Turn   | Place    | Note
-------+----------+-------------------------------------------
     0 | D:1      | GroovyGamera the Formicid Fighter began the quest for the Orb.
     0 | D:1      | Reached XP level 1. HP: 18/18 MP: 1/1
   117 | D:1      | Reached XP level 2. HP: 24/24 MP: 2/2
   156 | D:1      | Reached XP level 3. HP: 12/29 MP: 3/3
   865 | D:2      | Reached XP level 4. HP: 36/37 MP: 4/4
   989 | D:2      | Noticed a bullfrog
   995 | D:2      | Killed a bullfrog
   995 | D:2      | Reached XP level 5. HP: 36/42 MP: 5/5
  1671 | D:3      | Found a hide-covered altar of Uskayaw.
  1684 | D:3      | Reached XP level 6. HP: 48/48 MP: 6/6
  1718 | D:3      | Found a shattered altar of Ashenzari.
  2235 | D:4      | Got a twisted war axe
  2310 | D:4      | Found a sparkling altar of Nemelex Xobeh.
  2699 | D:5      | Entered Level 5 of the Dungeon
  2701 | D:5      | Found a shadowy altar of Dithmenos.
  2706 | D:5      | Reached skill level 5 in Shields
  2743 | D:5      | Reached XP level 7. HP: 33/55 MP: 7/7
  3246 | D:5      | Reached skill level 5 in Long Blades
  3452 | D:5      | You fall through a shaft for 2 floors!
  3475 | D:7      | Reached skill level 5 in Fighting
  3475 | D:7      | Reached skill level 5 in Armour
  3487 | D:7      | Gained mutation: You have large cloven feet. [potion of mutation]
  3487 | D:7      | Gained mutation: You are dopey. (Int -2) [potion of mutation]
  3487 | D:7      | Gained mutation: Your body sometimes deteriorates upon taking damage. [potion of mutation]
  3487 | D:7      | Gained mutation: You are robust. (+10% HP) [potion of mutation]
  3487 | D:7      | HP: 1/61 [orc priest/divine providence (15)]
  3488 | D:7      | Succumbed to an orc wizard's poison

Vault maps used:
D:1:      tarquinn_simple_flora_water_e, minmay_small_reverse_x
D:2:      first_ration
D:3:      overflow_temple_1_default, lemuel_round_altar, guppyfry_early_orc_mine
D:4:      lemuel_round_altar
D:5:      lemuel_crystal_altar, makhleb_blood_cavern_becter, uniq_grinder
D:7:      tso_altar, lemuel_crystal_altar, ebering_ghost_rock_garden,
          grunt_ogre_cave, kennysheep_generic_room_14, uniq_pikel

Skill      XL: |  1  2  3  4  5  6  7 |
---------------+----------------------+-----
Shields        | 4 5 |  5.6
Long Blades    | 3 4 5 |  5.4
Fighting       | 4 5 |  5.1
Armour         | 4 5 |  5.0

Action                   |  1- 3 |  4- 6 |  7- 9 || total
-------------------------+-------+-------+-------++-------
Melee: Long sword        |    91 |   225 |    60 ||   376
  Use: Scroll            |       |     5 |       ||     5
       Potion            |       |       |     2 ||     2
  Eat: Chunk             |       |     6 |     3 ||     9
Armor: Scale mail        |    55 |    91 |     1 ||   147
       Plate armour      |       |       |    23 ||    23
Dodge: Dodged            |    37 |    61 |    19 ||   117
Block: Shield            |    62 |   119 |    35 ||   216
       Rpst.: Long sword |    15 |    21 |     4 ||    40

Table legend:
 A = Spawn XP
 B = Non-spawn XP
 C = Spawn XP percentage of total XP
 D = Spawn monster count
 E = Non-spawn monster count
 F = Spawn count percentage of total count
 G = Total turns spent on level
                    A         B        C        D         E        F      G
               +---------+---------+-------+---------+---------+-------+---------
         Total |       0 |     961 |   0.0 |       0 |     111 |   0.0 |  3488
               +---------+---------+-------+---------+---------+-------+---------
           D:1 |       0 |      48 |   0.0 |       0 |      28 |   0.0 |   824
           D:2 |       0 |     188 |   0.0 |       0 |      23 |   0.0 |   702
           D:3 |       0 |     133 |   0.0 |       0 |      33 |   0.0 |   583
           D:4 |       0 |      36 |   0.0 |       0 |       5 |   0.0 |   590
           D:5 |       0 |     370 |   0.0 |       0 |      16 |   0.0 |   753
           D:7 |       0 |     186 |   0.0 |       0 |       6 |   0.0 |    36
               +---------+---------+-------+---------+---------+-------+---------
